 Dungeon Crawl Stone Soup version 0.25-a0-424-g80bd347ae0 (webtiles) character file.

Game seed: 12854919168797859955, levelgen mode: deterministic

0 MrRokkomies the Ducker (level 1, -1/11 HPs)
             Began as a Spriggan Abyssal Knight on Jan 20, 2020.
             Was a Follower of Lugonu.
             Slain by an unseen horror (5 damage)
             ... on level 2 of the Abyss.
             The game lasted 00:02:18 (290 turns).

MrRokkomies the Ducker (Spriggan Abyssal Knight)     Turns: 290, Time: 00:02:19

Health: -1/11      AC:  3    Str:  8    XL:     1   Next: 0%
Magic:  3/3        EV: 18    Int: 13    God:    Lugonu [*.....]
Gold:   42         SH:  0    Dex: 15    Spells: 0/0 levels left

rFire    . . .     SeeInvis +   a - +1 short sword
rCold    . . .     Gourm    .   (shield restricted)
rNeg     . . .     Faith    .   b - +1 robe
rPois    .         Spirit   .   (helmet restricted)
rElec    .         Reflect  .   (no cloak)
rCorr    .         Harm     .   (gloves unavailable)
MR       .....                  (boots unavailable)
Stlth    +.........             (no amulet)
HPRegen  0.00/turn              (no ring)
MPRegen  0.08/turn              (no ring)

@: non-regenerating, mildly diseased, very quick
A: very small, unfitting armour, see invisible, herbivore, speed 3, slow
metabolism 2
a: Depart the Abyss, Renounce Religion


You were on level 2 of the Abyss.
You worshipped Lugonu.
Lugonu was aware of your devotion.
You were not hungry.

You visited 0 branches of the dungeon, and saw 0 of its levels.
You visited the Abyss 1 time.

You collected 42 gold pieces.

Inventory:

Hand Weapons
 a - a +1 short sword (weapon)
Missiles
 f - 16 poisoned darts (quivered)
Armour
 b - a +1 robe (worn)
Comestibles
 c - a ration


   Skills:
 + Level 2.4 Fighting
 + Level 2.1 Short Blades
 + Level 3.5 Dodging
 + Level 1.7 Invocations


You couldn't memorise any spells.
You didn't know any spells.
Your spell library contained the following spells:

 Spells                   Type           Power        Failure   Level  Hunger
 Foxfire                  Conj/Fire      #...         30%         1    ##.....
 Conjure Flame            Conj/Fire      #.......     67%         3    ####...
 Inner Flame              Hex/Fire       #.......     67%         3    ####...
 Sticky Flame             Conj/Fire      #.......     97%         4    #####..
 Fireball                 Conj/Fire      #.........   100%        5    ######.


Dungeon Overview and Level Annotations

Branches:
Dungeon (0/15)

Altars:


Innate Abilities, Weirdness & Mutations

You are very small and have problems with some larger weapons.
You are too small for most types of armour.
You have supernaturally acute eyesight. (SInv)
You are a herbivore.
You cover ground extremely quickly.
You need to consume almost no food.


Message History

A starspawn tentacle comes into view.
Found a wide hardcover book.
You pick up a book of Flames and begin reading...
You add the spells Foxfire, Conjure Flame, Inner Flame, Sticky Flame and Fireball to your library.
The neqoxec shouts!
The unseen horror closely misses you.
You open the door.
A shining eye and 2 chaos spawn come into view.
The chaos spawn roars!
The chaos spawn hisses angrily.
The unseen horror hits you!
Ouch! That really hurt!
There is an open door here.
The shining eye turns its gaze towards you.
The unseen horror completely misses you.
You barely miss the chaos spawn.
The unseen horror completely misses you.
The chaos spawn barely misses you.
You barely miss the chaos spawn. The unseen horror barely misses you.
The unseen horror hits you.
You die...

#.#.#. . ####.
....#.# #
..#.... ...
#.##...#... #
# #...##..
####.#.# #..#.
. ##
#..#.#####...#
##..#.x@44...+
##..#####G..#
#.....# ##
#..#..##
...#.##3#
#..#.. §§
..§... #§#
.§.... .# #..


You could see a shining eye, an unseen horror (invisible) and 2 chaos spawn.

Vanquished Creatures (others)
  6 starspawn tentacles (Abyss:2)
6 creatures vanquished.

Notes
Turn   | Place    | Note
-------+----------+-------------------------------------------
     0 | Abyss:1  | MrRokkomies the Spriggan Abyssal Knight began the quest for
                  | the Orb.
     0 | Abyss:1  | Reached XP level 1. HP: 11/11 MP: 3/3
    32 | Abyss:1  | Noticed a sixfirhy
    99 | Abyss:2  | Noticed a smoke demon
   139 | Abyss:2  | Found a corrupted altar of Lugonu.
   142 | Abyss:2  | Noticed a wight
   146 | Abyss:2  | Noticed a thrashing horror
   186 | Abyss:2  | Noticed a large abomination
   194 | Abyss:2  | Noticed a small abomination
   200 | Abyss:2  | Noticed a rakshasa
   212 | Abyss:2  | Noticed a tentacled starspawn
   214 | Abyss:2  | Noticed a small abomination
   214 | Abyss:2  | Noticed a smoke demon
   217 | Abyss:2  | Noticed a wretched star
   220 | Abyss:2  | Noticed a large abomination
   232 | Abyss:2  | Noticed an ancient zyme
   251 | Abyss:2  | Noticed a tentacled starspawn
   281 | Abyss:2  | Noticed an unseen horror
   281 | Abyss:2  | Noticed a neqoxec
   286 | Abyss:2  | Noticed a chaos spawn
   286 | Abyss:2  | Noticed a chaos spawn
   286 | Abyss:2  | Noticed a shining eye
   290 | Abyss:2  | Slain by an unseen horror

Levels and vault maps discovered:
Abyss:2:  evilmike_abyss_exit_chaos, evilmike_abyss_exit_chaos

Action                   || total
-------------------------++-------
Melee: Short sword       ||     2
  Use: Scroll            ||     4
Armor: Robe              ||     2
Dodge: Dodged            ||     8

Table legend:
 A = Non-vault XP
 B = Vault XP
 C = Vault XP percentage of total XP
 D = Non-vault monster count
 E = Vault monster count
 F = Vault count percentage of total count
                 A         B        C        D         E       F
            +---------+---------+-------+---------+---------+-------
      Total |       0 |       0 |   N/A |       0 |       0 |  -nan
            +---------+---------+-------+---------+---------+-------
            +---------+---------+-------+---------+---------+-------
